AoeStats
← Pancho-Hot

Arabia

508803447Analyzed
1v1 RM · 7d ago on Sep 24, 2026· 44m 10s· 2 players
Game mode
Random Map
Map size
Tiny (2 player)
Population
200
Speed
Normal
Resources
Standard
Victory
Conquest
Starting age
Dark Age
Ending age
Imperial Age
RankedLock teamsTeams togetherTeam positionsShared explorationLock speedFull tech treeHidden civsTurbo modeCheats
Victory
Defeat
🇺🇸 Persians · United States
1087
+16
🇲🇽 Mongols · Mexico
1084
-16
Pancho-Hot
6:24 Loom
9:02 Feudal Age
20:36 Castle Age
19:50 Double-Bit Axe
19:53 Horse Collar
20:51 Fletching
21:03 Padded Archer Armor
22:06 Bodkin Arrow
25:29 Pikeman
27:10 Husbandry
27:20 Bloodlines
33:34 Gold Mining
34:50 Wheelbarrow
36:47 Thumb Ring
41:11 Imperial Age
41:34 Scale Mail Armor
41:44 Forging
ondattaja
7:07 Loom
9:15 Feudal Age
9:52 Double-Bit Axe
16:32 Padded Archer Armor
18:34 Wheelbarrow
17:51 Fletching
20:11 Horse Collar
22:41 Castle Age
21:36 Gold Mining
21:59 Bloodlines
22:27 Scale Barding Armor
23:06 Forging
23:36 Husbandry
24:33 Chain Barding Armor
24:58 Bow Saw
26:36 Leather Archer Armor
27:07 Iron Casting
33:12 Bodkin Arrow
35:49 Hand Cart
35:19 Town Watch
38:18 Imperial Age
35:19 Elite Skirmisher
37:27 Ballistics
37:40 Leather Archer Armor
38:46 Crossbowman
39:28 Kamandaran
38:59 Cavalier
40:28 Plate Barding Armor
41:09 Blast Furnace
41:43 Ring Archer Armor
42:06 Thumb Ring
43:45 Chemistry
42:29 Light Cavalry
43:46 Conscription
43:18 Hussar
Connection lost

Rejoining the realm…

Still unreachable

The connection could not be restored.

Session expired

The server has moved on; the page needs a fresh start.